 Dungeon Crawl Stone Soup version 0.28-a0-1412-gf95308ed99 (webtiles) character file.

Game seed: 8712891764029269873

1700 riojii the Covert (level 9, -3/52 HPs)
             Began as a Kobold Enchanter on Jan 7, 2022.
             Was a Follower of Dithmenos.
             Killed by divine providence
             ... invoked by an orc priest
              (15 damage)
             ... on level 6 of the Dungeon.
             The game lasted 00:19:37 (7790 turns).

riojii the Covert (Kobold Enchanter)                Turns: 7790, Time: 00:19:39

Health: -3/52      AC: 10    Str:  5    XL:     9   Next: 23%
Magic:  2/13       EV: 20    Int: 17    God:    Dithmenos [*.....]
Gold:   274        SH:  0    Dex: 28    Spells: 8/13 levels left

rFire   . . .      SeeInvis .   H - +3 dagger "Impbane" {protect, rPois rC+ Dex+3}
rCold   + . .      Faith    .   (no shield)
rNeg    . . .      Spirit   .   b - +0 robe
rPois   +          Reflect  .   n - +0 helmet
rElec   .          Harm     .   (no cloak)
rCorr   .          Rampage  .   (no gloves)
Will    .....                   (no boots)
Stlth   +++++++...              (no amulet)
HPRegen 0.17/turn               d - ring of flight
MPRegen 0.13/turn               q - +6 ring of dexterity

@: under a protective aura, flying, very slightly contaminated, wreathed by
umbra
A: small, no large weapons, nightstalker 3
a: Renounce Religion


You were on level 6 of the Dungeon.
You worshipped Dithmenos.
Dithmenos was aware of your devotion.
You visited 1 branch of the dungeon, and saw 6 of its levels.

You collected 274 gold pieces.

Inventory:

Hand Weapons
 a - a +1 dagger
 e - a +1 dagger of venom
 w - a +3 dagger of distortion
 B - a +1 dagger of protection
 F - the +10 mace "Kowuvarch" {vorpal, +Blink rC+ rCorr}
   (You found it on level 5 of the Dungeon)

   It inflicts extra damage upon your enemies.
   rC:        It protects you from cold.
   +Blink:    It lets you blink.
   rCorr:     It protects you from acid and corrosion.
 H - the +3 dagger "Impbane" (weapon) {protect, rPois rC+ Dex+3}
   (You found it on level 6 of the Dungeon)

   It grants its wielder temporary protection when it strikes (+7 to AC).
   Dex:       It affects your dexterity (+3).
   rC:        It protects you from cold.
   rPois:     It protects you from poison.
Armour
 b - a +0 robe (worn)
 f - a +0 leather armour
 n - a +0 helmet (worn)
 A - a +1 chain mail of cold resistance
Magical Staves
 s - a staff of conjuration
Jewellery
 d - a ring of flight (left hand)
 q - a +6 ring of dexterity (right hand)
Wands
 D - a wand of acid (8)
 E - a wand of charming (13)
Scrolls
 g - a scroll of acquirement {unknown}
 h - 3 scrolls of identify {unknown}
 i - a scroll of silence {unknown}
 k - a scroll of enchant armour {unknown}
 l - 4 scrolls of amnesia {unknown}
 t - a scroll of brand weapon {unknown}
 v - a scroll of fear {unknown}
 x - 2 scrolls of teleportation {unknown}
 y - a scroll of immolation {unknown}
 C - a scroll of summoning {unknown}
Potions
 c - a potion of invisibility
 j - a potion of heal wounds {unknown}
 m - 2 potions of brilliance {unknown}
 o - a potion of degeneration {unknown}
 p - 3 potions of curing {unknown}
 r - 2 potions of might {unknown}
 u - a potion of flight {unknown}
 z - a potion of haste {unknown}
 G - a potion of magic {unknown}


   Skills:
 + Level 4.4 Fighting
 + Level 5.5 Short Blades
 + Level 5.5 Dodging
 * Level 8.8 Stealth
 + Level 2.8 Spellcasting
 + Level 1.0 Conjurations
 + Level 5.9 Hexes
 - Level 2.5 Ice Magic


You had 8 spell levels left.
You knew the following spells:

 Your Spells              Type           Power      Damage    Failure   Level
a - Ensorcelled Hibernat  Hex/Ice        32%        N/A       4%          2
b - Confusing Touch       Hex            22%        N/A       4%          3

Your spell library contained the following spells:

 Spells                   Type           Power      Damage    Failure   Level
 Tukima's Dance           Hex            22%        N/A       4%          3
 Dazzling Flash           Conj/Hex       28%        N/A       13%         3
 Spider Form              Tmut/Pois      2%         N/A       47%         3


Dungeon Overview and Level Annotations

Branches:
Dungeon (6/15)             Temple (0/1) D:4

Altars:
Ashenzari
Dithmenos
Okawaru
Trog
Uskayaw
Xom
The Shining One

Shops:
D:1 (

Annotations:
D:3 3 runed translucent doors, croobank's ghost, amateur DsAK; oldriver's ghost, amateur DgEE


Innate Abilities, Weirdness & Mutations

You are small and have problems with some larger weapons.
You are completely attuned to the shadows.


Message History

Press: ? - help, Shift-Dir - straight line, f - orc
Aim: an orc, wielding a +0 trident and wearing a +0 scale mail (chance to affect: 67%)
The orc looks drowsy...
The helpless orc fails to defend itself.
You skewer the orc like a kebab!!!!
You kill the orc!
Dithmenos accepts your kill.
The orc priest hits you but does no damage.
Casting: Ensorcelled Hibernation (safe; 4% risk of failure)
Confirm with . or Enter, or press ? or * to list all spells.
Aiming: Ensorcelled Hibernation (safe; 4% risk of failure)
Press: ? - help, Shift-Dir - straight line, f - orc priest
Aim: an orc priest, wielding a +0 club and wearing a +0 leather armour (chance to affect: 50%)
The orc priest resists with some effort.
The orc priest closely misses you.
Casting: Ensorcelled Hibernation (safe; 4% risk of failure)
Confirm with . or Enter, or press ? or * to list all spells.
Aiming: Ensorcelled Hibernation (safe; 4% risk of failure)
Press: ? - help, Shift-Dir - straight line, f/p - orc priest
Aim: an orc priest, wielding a +0 club and wearing a +0 leather armour (chance to affect: 50%)
You miscast Ensorcelled Hibernation.
You are very lightly contaminated with residual magic.
Nothing appears to happen.
The orc priest completely misses you.
You hit the orc priest.
The orc priest is lightly wounded.
You hit the orc priest.
The orc priest is moderately wounded.
The orc priest misses you.
You hit the orc priest but do no damage.
The orc priest is moderately wounded.
The orc priest misses you.
Casting: Ensorcelled Hibernation (safe; 4% risk of failure)
Confirm with . or Enter, or press ? or * to list all spells.
Aiming: Ensorcelled Hibernation (safe; 4% risk of failure)
Press: ? - help, Shift-Dir - straight line, f/p - orc priest
Aim: an orc priest, wielding a +0 club and wearing a +0 leather armour (moderately wounded, chance to affect: 50%)
The orc priest resists with some effort.
The orc priest calls down the wrath of Beogh upon you.
Beogh smites you!
You die...

.............#
.............#
............##
............##
.............# #### .#
............... ^.# .##
..............# #.# ...#
..............###.###..#
...........#..)o@......#
.............รท)###.#...###
............#......#......
..............>..###.#####
.................###<..#
#..............##...<#.#
...............##.##.#.#
..).........#..## ..#..
............ #.# #######


You could see an orc priest.

Vanquished Creatures
  Pikel (D:5)
  2 black bears
  A sky beast (D:6)
  3 ogres
  A centaur (D:5)
  2 lemures (D:5)
  A bullfrog (D:6)
  A scorpion (D:5)
  2 water moccasin skeletons (D:4)
  A howler monkey (D:5)
  A bullfrog skeleton (D:5)
  A jelly (D:5)
  A centaur skeleton (D:6)
  An orc priest (D:6)
  An iguana (D:5)
  3 orc wizards
  A howler monkey zombie (D:5)
  3 gnolls (D:3)
  4 adders
  A white imp (D:5)
  An ufetubus (D:5)
  4 worms
  2 dart slugs
  16 orcs
  5 ball pythons
  5 bats
  3 endoplasms
  4 giant cockroaches
  5 goblins
  2 hobgoblins (D:4)
  3 jackals (D:1)
  A quokka (D:1)
  3 frilled lizards
  8 kobolds
  3 rats
97 creatures vanquished.

Vanquished Creatures (others)
  10 toadstools (D:6)
10 creatures vanquished.

Grand Total: 107 creatures vanquished

Notes
Turn   | Place    | Note
-------+----------+-------------------------------------------
     0 | D:1      | riojii the Kobold Enchanter began the quest for the Orb.
     0 | D:1      | Reached XP level 1. HP: 10/10 MP: 3/3
   547 | D:1      | Reached XP level 2. HP: 15/15 MP: 5/5
   550 | D:1      | Learned a level 2 spell: Ensorcelled Hibernation
   668 | D:1      | Found Juoguh's Antique Weapon Shop.
  1423 | D:1      | Reached XP level 3. HP: 19/19 MP: 6/6
  1509 | D:1      | Found a faded altar of an unknown god.
  1765 | D:2      | Reached skill level 1 in Ice Magic
  2248 | D:2      | Reached skill level 5 in Stealth
  2248 | D:2      | Reached XP level 4. HP: 24/24 MP: 7/7
  2290 | D:2      | Found an iron altar of Okawaru.
  2708 | D:3      | Found an iron altar of Okawaru.
  3137 | D:3      | Found a broken altar of Ashenzari.
  3752 | D:3      | Found a runed translucent gate.
  3753 | D:3      | Found a runed translucent gate.
  3754 | D:3      | Found a runed translucent gate.
  4001 | D:3      | Noticed oldriver's ghost (amateur DgEE)
  4002 | D:3      | Noticed croobank's ghost (amateur DsAK)
  4242 | D:4      | Noticed an ogre
  4247 | D:4      | Killed an ogre
  4248 | D:4      | Reached skill level 6 in Stealth
  4248 | D:4      | Reached XP level 5. HP: 28/28 MP: 3/8
  4253 | D:4      | Learned a level 3 spell: Confusing Touch
  4413 | D:4      | Found a shadowy altar of Dithmenos.
  4418 | D:4      | Became a worshipper of Dithmenos the Shadowed
  4779 | D:4      | Found a shimmering altar of Xom.
  4782 | D:4      | Found a shimmering altar of Xom.
  4784 | D:4      | Found a shimmering altar of Xom.
  4784 | D:4      | Found a shimmering altar of Xom.
  4784 | D:4      | Found a shimmering altar of Xom.
  4785 | D:4      | Found a shimmering altar of Xom.
  4885 | D:4      | Reached XP level 6. HP: 26/33 MP: 9/9
  4980 | D:4      | Found a staircase to the Ecumenical Temple.
  4984 | D:4      | Reached skill level 1 in Fighting
  5490 | D:5      | Entered Level 5 of the Dungeon
  5495 | D:5      | Reached XP level 7. HP: 39/39 MP: 10/10
  5755 | D:5      | Reached skill level 7 in Stealth
  5814 | D:5      | Reached skill level 5 in Hexes
  6182 | D:5      | Reached XP level 8. HP: 45/45 MP: 11/11
  6538 | D:5      | Noticed Pikel
  6724 | D:5      | Found a hide-covered altar of Uskayaw.
  6883 | D:5      | Reached * piety under Dithmenos
  6902 | D:5      | Found a glowing golden altar of the Shining One.
  7449 | D:5      | Identified the +10 mace "Kowuvarch" {vorpal, +Blink rC+
                  | rCorr}
  7467 | D:5      | Killed Pikel
  7468 | D:5      | Reached skill level 5 in Short Blades
  7468 | D:5      | Reached skill level 5 in Dodging
  7468 | D:5      | Reached skill level 8 in Stealth
  7468 | D:5      | Reached XP level 9. HP: 52/52 MP: 9/12
  7649 | D:6      | Found a bloodstained altar of Trog.
  7693 | D:6      | Identified the +3 dagger "Impbane" {protect, rPois rC+
                  | Dex+3}
  7764 | D:6      | Reached skill level 1 in Conjurations
  7790 | D:6      | Killed from afar by an orc priest

Illustrated notes

Levels and vault maps discovered:
D:1:      matt_arrival_spirals, layout_basic,
          shapermc_ecumenical_altar_acropolis, serial_shops,
          nicolae_shop_crystal
D:2:      layout_basic, basic_altar, minmay_misc_feat_chi
D:3:      layout_loops_ring, evilmike_ruin_ashenzari, old_standard_altar,
          gammafunk_ghost_cemetery
D:4:      layout_loops_ring, amcnicky_altar_gilded, xom_redecorated,
          minmay_temple_entry_stoned_glass, serial_co_window_serial,
          co_window_corner_a, co_window_paths_a, co_window_of_opportunity_a,
          co_window_of_opportunity_a, co_window_corner_a,
          co_window_of_opportunity_b, co_window_broadway_c, co_window_corner_cb,
          co_window_cross_3, glass_columns_c, glass_columns_a
D:5:      layout_cave_pools, mainiacjoe_overflow_catwalk_spiral,
          minmay_crossroads, uniq_pikel
D:6:      cheibrodos_fertilizer, layout_basic, trog_wizard, lemuel_doored_altar,
          uniq_prince_ribbit1

Skill      XL: |  1  2  3  4  5  6  7  8  9 |
---------------+----------------------------+-----
Ice Magic      | 1 2 |  2.5
Stealth        | 5 6 7 8 |  8.8
Hexes          | 4 5 |  5.9
Fighting       | 1 2 4 |  4.4
Short Blades   | 2 3 5 |  5.5
Dodging        | 3 4 5 |  5.5
Conjurations   | 1 |  1.0
Spellcasting   | |  2.8

Action                   |  1- 3 |  4- 6 |  7- 9 || total
-------------------------+-------+-------+-------++-------
Melee: Dagger            |    80 |    72 |    93 ||   245
       Punch             |     2 |     1 |     1 ||     4
 Cast: Ensorcelled Hiber |       |     8 |    34 ||    42
       Confusing Touch   |       |     2 |     5 ||     7
 Stab: Distracted        |     1 |       |       ||     1
       Sleeping          |    11 |    16 |    21 ||    48
       Confused          |       |     4 |     5 ||     9
Armor: Robe              |    18 |     6 |     9 ||    33
Dodge: Dodged            |    36 |    42 |    85 ||   163

Table legend: (Time is in decaauts)
 A = Elapsed time spent in this place.
 B = Non-inter-level travel time spent in this place.
 C = Inter-level travel time spent in this place.
 D = Time resting spent in this place.
 E = Time spent auto-exploring this place.
 F = Levels seen in this place.
 G = Mean time per level.
                   A        B        C        D        E       F      G
               +--------+--------+--------+--------+--------+-----+--------+
         Total |   7758 |   7758 |      0 |   1356 |   4558 |   6 | 1293.0 |
       Dungeon |   7758 |   7758 |      0 |   1356 |   4558 |   6 | 1293.0 |
               +--------+--------+--------+--------+--------+-----+--------+

Top non-repeatable levels by time:
     D:4: 1901 daAuts
     D:1: 1631 daAuts
     D:5: 1378 daAuts
     D:3: 1311 daAuts
     D:2: 1282 daAuts
     D:6: 253 daAuts
